 Dungeon Crawl Stone Soup version 0.29.0-4-gdea44cf6ec (webtiles) character file.

Game seed: 2654245450223108129

150 qw the Chopper (level 5, -3/30 HPs)
             Began as a Tengu Warper on Aug 28, 2022.
             Slain by Edmund
             ... wielding a +3 vorpal flail
              (9 damage)
             ... on level 4 of the Dungeon.
             The game lasted 00:00:19 (2892 turns).

qw the Chopper (Tengu Warper)                       Turns: 2892, Time: 00:00:19

Health: -3/30      AC: 10    Str: 20      XL:     5   Next: 32%
Magic:  9/9        EV:  7    Int: 12 (13) God:
Gold:   178        SH:  0    Dex: 12 (13) Spells: 8/8 levels left

rFire   . . .      SeeInvis .   Y - +1 hand axe
rCold   + . .      Faith    .   (no shield)
rNeg    . . .      Spirit   .   b - +0 plate armour
rPois   .          Reflect  .   (helmet restricted)
rElec   .          Harm     .   (no cloak)
rCorr   .          Rampage  .   (no gloves)
Will    .....                   (boots unavailable)
Stlth   ..........              (no amulet)
HPRegen 0.10/turn               f - +6 ring of strength
MPRegen 0.11/turn               i - ring of protection from cold

@: about to teleport, flying quickly and evasively, quick
A: beak, talons 3, nimble flight
a: no special abilities


You were on level 4 of the Dungeon.
You visited 1 branch of the dungeon, and saw 4 of its levels.

You collected 178 gold pieces.


Innate Abilities, Weirdness & Mutations

You have a beak for a mouth.
You have claws for feet.
Your magical nature lets you fly swiftly and evasively.


   Skills:
 - Level 2.0 Fighting
 + Level 5.6 Axes
 - Level 1.0 Throwing
 - Level 2.0 Armour
 - Level 2.1 Dodging
 - Level 2.0 Spellcasting
 - Level 2.4 Translocations


You had 8 spell levels left.
You didn't know any spells.
Your spell library contained the following spells:

 Spells                   Type           Power      Damage    Failure   Level
 Blink                    Tloc           12%        N/A       99%         2
 Gell's Gravitas          Tloc           6%         N/A       100%        3
 Lesser Beckoning         Tloc           6%         N/A       100%        3
 Teleport Other           Tloc           6%         N/A       100%        3
 Manifold Assault         Tloc           6%         N/A       100%        5

Inventory:

Hand Weapons
 j - a +0 flail
 Y - a +1 hand axe (weapon)
Armour
 b - a +0 plate armour (worn)
Jewellery
 a - a ring of resist corrosion
 f - a +6 ring of strength (left hand)
 i - a ring of protection from cold (right hand)
Scrolls
 c - 2 scrolls of teleportation
 g - a scroll of identify
Potions
 e - a potion of heal wounds

Dungeon Overview and Level Annotations

Branches:
Dungeon (4/15)
 Temple: D:4-7

Altars:
Elyvilon
Sif Muna

Annotations:
D:4 Edmund


Message History

Assign waypoint to what number? (0-9, D - delete waypoint) Waypoint 1 re-assigned from D:2 to D:4.
Enter note:
Found 5 poisoned darts.
Enter note: You now have 167 gold pieces (gained 5).
You now have 178 gold pieces (gained 11).
Found a quarterstaff.
Found a stone staircase leading down.
Enter note:
Enter note:
Enter note: Edmund the Younger comes into view.
He is wielding a +3 vorpal flail.
Edmund says, "People will remember me!
They'll remember me and die!"
You hit Edmund. You claw Edmund, but do no damage. Your peck misses Edmund.
Edmund is lightly wounded.
Edmund hits you with a +3 vorpal flail.
You hit Edmund but do no damage. You claw Edmund! You peck Edmund.
Edmund is heavily wounded.
Edmund hits you with a +3 vorpal flail!
You hit Edmund. You claw Edmund, but do no damage. Your peck misses Edmund.
Edmund is heavily wounded.
Edmund says, "I'm quite good with sums, too."
Edmund hits you but does no damage.
You hit Edmund but do no damage. You claw Edmund!
You peck Edmund, but do no damage.
Edmund is severely wounded.
Edmund hits you but does no damage.
You hit Edmund but do no damage. Your peck misses Edmund.
Edmund is severely wounded.
Edmund barely misses you.
You closely miss Edmund. Your kick misses Edmund. You peck Edmund.
Edmund is severely wounded.
Edmund hits you with a +3 vorpal flail.
Edmund says, "What use are spells, anyway?"
Edmund hits you with a +3 vorpal flail.
2892 ||| READING 3 scrolls of teleportation.
As you read the scroll of teleportation, it crumbles to dust.
You feel strangely unstable. Edmund hits you with a +3 vorpal flail!
You die...

## ### #.## ##.# ###
#...## ##..# ##..
##.@@####..## #...
#.....##...# ##...
#...###.....## #....
.... #......###
##.... ...
##........# #..... ..
#.........# ##...(. .
##........## #......
#.........####......
##..........##.......


You could see Edmund.

Vanquished Creatures
  An orc priest (D:3)
  Jessica (D:3)
  An adder (D:3)
  3 worms (D:3)
  A dart slug (D:3)
  5 orcs (D:3)
  9 ball pythons
  6 bats
  5 endoplasms
  A giant cockroach (D:3)
  9 goblins
  7 hobgoblins
  8 kobolds
  A quokka (D:2)
  6 rats
64 creatures vanquished.

Notes
Turn   | Place    | Note
-------+----------+-------------------------------------------
     0 | D:1      | qw the Tengu Warper began the quest for the Orb.
     0 | D:1      | Reached XP level 1. HP: 12/12 MP: 4/4
     0 | D:1      | 0 ||| qw: Version: 0.1-a-89-g26bdef1
     0 | D:1      | 0 ||| qw: Game counter: 511
     0 | D:1      | 0 ||| qw: Always use a shield: true
     0 | D:1      | 0 ||| qw: God list: Okawaru
     0 | D:1      | 0 ||| qw: Allow faded altars: false
     0 | D:1      | 0 ||| qw: Do Orc after D:15 true
     0 | D:1      | 0 ||| qw: Do second Lair branch before Depths: true
     0 | D:1      | 0 ||| qw: Lair rune preference: random
     0 | D:1      | 0 ||| qw: Plans: Normal
     0 | D:1      | 0 ||| PLANNING D:1-11
   169 | D:1      | Reached XP level 2. HP: 15/17 MP: 6/6
   233 | D:1      | Reached skill level 3 in Axes
   374 | D:1      | 374 ||| Stepping ~*~*~tactically~*~*~ (stealth).
   375 | D:1      | 375 ||| Stepping ~*~*~tactically~*~*~ (stealth).
   377 | D:1      | 377 ||| Stepping ~*~*~tactically~*~*~ (stealth).
   382 | D:1      | 382 ||| Stepping ~*~*~tactically~*~*~ (stealth).
   389 | D:1      | HP: 2/17 [frozen (5)]
   569 | D:1      | 569 ||| Stepping ~*~*~tactically~*~*~ (stealth).
   574 | D:1      | 574 ||| Stepping ~*~*~tactically~*~*~ (stealth).
   657 | D:1      | 657 ||| Stepping ~*~*~tactically~*~*~ (stealth).
   658 | D:1      | 658 ||| Stepping ~*~*~tactically~*~*~ (stealth).
   980 | D:1      | Reached XP level 3. HP: 20/21 MP: 7/7
  1023 | D:1      | 1023 ||| Stepping ~*~*~tactically~*~*~ (stealth).
  1024 | D:1      | 1024 ||| Stepping ~*~*~tactically~*~*~ (stealth).
  1027 | D:1      | 1027 ||| Stepping ~*~*~tactically~*~*~ (stealth).
  1029 | D:1      | 1029 ||| Stepping ~*~*~tactically~*~*~ (stealth).
  1117 | D:1      | 1117 ||| Stepping ~*~*~tactically~*~*~ (stealth).
  1133 | D:1      | Reached skill level 4 in Axes
  1236 | D:1      | 1236 ||| UPGRADING to +0 ring mail.
  1246 | D:1      | 1246 ||| DROPPING +0 leather armour.
  1247 | D:1      | 1247 ||| UPGRADING to ring of resist corrosion.
  1248 | D:1      | 1248 ||| UPGRADING to ring of protection from cold.
  1249 | D:1      | 1249 ||| READING scroll labelled WIS HOYSOSOU.
  1250 | D:1      | 1250 ||| DROPPING scroll of blinking.
  1324 | D:2      | Identified the +6 rapier "Zazesto" {venom, *Rage Will+
                  | Str+6}
  1789 | D:2      | 1789 ||| UPGRADING to +0 plate armour.
  1799 | D:2      | 1799 ||| DROPPING +0 ring mail.
  1800 | D:2      | 1800 ||| READING scroll labelled OKOATA BUSEAWN.
  1801 | D:2      | 1801 ||| READING 2 scrolls labelled ZUPPIE VIMASI.
  1805 | D:2      | 1805 ||| READING scroll labelled JESIHE BOGRU.
  1806 | D:2      | 1806 ||| READING scroll labelled LYNTUO YBBI.
  1807 | D:2      | 1807 ||| DRINKING 2 black potions.
  1808 | D:2      | 1808 ||| DROPPING potion of degeneration.
  1848 | D:3      | 1848 ||| PLANNING SEWER
  2038 | D:3      | Reached XP level 4. HP: 26/26 MP: 8/8
  2121 | D:3      | Noticed Jessica
  2129 | D:3      | Found a shimmering blue altar of Sif Muna.
  2130 | D:3      | 2130 ||| FLEEEEING.
  2131 | D:3      | 2131 ||| FLEEEEING.
  2132 | D:3      | 2132 ||| FLEEEEING.
  2133 | D:3      | 2133 ||| FLEEEEING.
  2134 | D:3      | 2134 ||| FLEEEEING.
  2135 | D:3      | 2135 ||| FLEEEEING.
  2136 | D:3      | 2136 ||| FLEEEEING.
  2170 | D:3      | 2170 ||| FLEEEEING.
  2172 | D:3      | 2172 ||| FLEEEEING.
  2173 | D:3      | 2173 ||| FLEEEEING.
  2174 | D:3      | 2174 ||| FLEEEEING.
  2182 | D:3      | 2182 ||| FLEEEEING.
  2183 | D:3      | 2183 ||| FLEEEEING.
  2184 | D:3      | 2184 ||| FLEEEEING.
  2185 | D:3      | 2185 ||| FLEEEEING.
  2186 | D:3      | 2186 ||| STAIRDANCE
  2259 | D:2      | 2259 ||| UPGRADING to +6 ring of strength.
  2261 | D:2      | 2261 ||| READING 2 scrolls labelled JASKIEM YVIOHI.
  2262 | D:2      | 2262 ||| READING 2 scrolls of identify.
  2262 | D:2      | 2262 ||| IDENTIFYING bubbling cyan potion
  2263 | D:2      | 2263 ||| DROPPING scroll of amnesia.
  2266 | D:3      | 2266 ||| Stepping ~*~*~tactically~*~*~ (hiding).
  2274 | D:3      | 2274 ||| Stepping ~*~*~tactically~*~*~ (hiding).
  2280 | D:3      | Killed Jessica
  2408 | D:3      | Found a faded altar of an unknown god.
  2428 | D:3      | 2428 ||| DROPPING +2 whip of freezing.
  2478 | D:3      | Found a white marble altar of Elyvilon.
  2506 | D:3      | 2506 ||| Stepping ~*~*~tactically~*~*~ (hiding).
  2516 | D:3      | Reached skill level 5 in Axes
  2519 | D:3      | Gained mutation: Your magical nature lets you fly swiftly
                  | and evasively. [Tengu growth]
  2519 | D:3      | Reached XP level 5. HP: 30/30 MP: 9/9
  2525 | D:3      | 2525 ||| RIP SEWER
  2526 | D:3      | 2526 ||| PLANNING D:1-11
  2801 | D:3      | 2801 ||| READING scroll labelled ZIBLIE IMOIXT.
  2802 | D:3      | 2802 ||| READING scroll labelled GUDULIAMMI.
  2882 | D:4      | Noticed Edmund
  2891 | D:4      | HP: 7/30 [Edmund/+3 vorpal flail (2)]
  2892 | D:4      | 2892 ||| READING 3 scrolls of teleportation.
  2892 | D:4      | Slain by Edmund

Levels and vault maps discovered:
D:1:      onia_arrival_pyramid, layout_loops_cross
D:2:      layout_rooms
D:3:      layout_rooms, tgw_sif, lemuel_doored_altar,
          hellmonk_ecumenical_altar_lost_god, portal_sewer_entry_a
D:4:      layout_cave_pods, minmay_circle_x, uniq_grinder, uniq_edmund

Skill      XL: |  1  2  3  4 |
---------------+-------------+-----
Axes           | 3 4 5 |  5.6
Armour         | 2 |  2.0
Fighting       | |  2.0
Throwing       | |  1.0
Dodging        | |  2.1
Spellcasting   | |  2.0
Translocations | |  2.4

Action                   |  1- 3 |  4- 6 || total
-------------------------+-------+-------++-------
Melee: Hand axe          |    82 |    55 ||   137
       Kick              |    22 |    15 ||    37
       Peck              |     3 |    11 ||    14
Throw: Boomerang         |     7 |       ||     7
  Use: Scroll            |     5 |     5 ||    10
       Potion            |     1 |       ||     1
Armor: Leather armour    |     8 |       ||     8
       Plate armour      |    10 |    17 ||    27
       Ring mail         |     3 |       ||     3
Dodge: Dodged            |    34 |    10 ||    44

Table legend:
 A = Non-vault XP
 B = Vault XP
 C = Vault XP percentage of total XP
 D = Non-vault monster count
 E = Vault monster count
 F = Vault count percentage of total count
                 A         B        C        D         E       F
            +---------+---------+-------+---------+---------+-------
      Total |     166 |      49 |  22.8 |      58 |       6 |   9.4
            +---------+---------+-------+---------+---------+-------
        D:1 |      46 |       0 |   0.0 |      26 |       0 |   0.0
        D:2 |      18 |       0 |   0.0 |      10 |       0 |   0.0
        D:3 |     102 |      49 |  32.5 |      22 |       6 |  21.4
            +---------+---------+-------+---------+---------+-------
